 Dungeon Crawl Stone Soup version 0.28-a0-1506-g3893175d92 (webtiles) character file.

Game seed: 2959705000749814092

70 parzival7114810 the Skirmisher (level 4, -4/41 HPs)
             Began as a Hill Orc Fighter on Jan 13, 2022.
             Was an Initiate of Beogh.
             Slain by an ogre (26 damage)
             ... on level 4 of the Dungeon.
             The game lasted 00:03:43 (2937 turns).

parzival7114810 the Skirmisher (Hill Orc Fighter)   Turns: 2937, Time: 00:03:43

Health: -4/41      AC:  8    Str: 20    XL:     4   Next: 21%
Magic:  4/4        EV:  9    Int:  8    God:    Beogh [......]
Gold:   155        SH:  4    Dex: 10    Spells: 3/3 levels left

rFire   . . .      SeeInvis .   a - +0 war axe
rCold   . . .      Faith    .   c - +0 buckler
rNeg    . . .      Spirit   .   b - +1 scale mail
rPois   .          Reflect  .   (no helmet)
rElec   .          Harm     .   (no cloak)
rCorr   .          Rampage  .   (no gloves)
Will    .....                   (no boots)
Stlth   ..........              (no amulet)
HPRegen 0.13/turn               (no ring)
MPRegen 0.09/turn               (no ring)

@: no status effects
A: no striking features
a: Renounce Religion


You were on level 4 of the Dungeon.
You worshipped Beogh.
Beogh was noncommittal.
You visited 1 branch of the dungeon, and saw 4 of its levels.

You collected 155 gold pieces.

Inventory:

Hand Weapons
 a - a +0 war axe (weapon)
Armour
 b - a +1 scale mail (worn)
 c - a +0 buckler (worn)
Jewellery
 g - a +6 ring of intelligence
Wands
 e - a wand of digging (5)
Potions
 d - a potion of might


   Skills:
 + Level 4.3 Fighting
 + Level 3.3 Axes
 + Level 4.1 Armour
 + Level 0.2 Dodging
 + Level 0.1 Stealth
 + Level 3.7 Shields


You had 3 spell levels left.
You didn't know any spells.
Your spell library contained the following spells:

 Spells                   Type           Power      Damage    Failure   Level
 Blink                    Tloc           0%         N/A       94%         2
 Lesser Beckoning         Tloc           0%         N/A       99%         3
 Manifold Assault         Tloc           0%         N/A       100%        5


Dungeon Overview and Level Annotations

Branches:
Dungeon (4/15)
 Temple: D:4-7

Altars:


Message History

You see here an adder corpse.
You feel sick.
You are no longer poisoned.
HP restored.
You see here an adder corpse.
Found a stone staircase leading up.
There is a stone staircase leading up here.
You now have 155 gold pieces (gained 11).
You see here a jackal corpse.
There is a stone staircase leading down here.
You open the door.
There is an open door here.
Done exploring.
Done exploring.
Done exploring.
There is an open door here.
There is a stone staircase leading down here.
You climb downwards.
The orc shouts! x2
The orc priest threatens, "By the altar or by the axe, you will meet Beogh!" (press Y on the ability menu to convert to Beogh)
You hear a shout!
Found 18 arrows and a white potion.
There is a stone staircase leading up here.
You bow before the missionary of Beogh.
Beogh welcomes you!
With a roar of approval, the orcs welcome you as one of their own, and spare your life.
Found a scroll labelled UNUOSAXZE YNER.
An ogre comes into view. It is wielding a +0 giant club.
The ogre shouts!
There is a stone staircase leading up here.
There is a stone staircase leading up here.
The ogre barely misses you.
You barely miss the ogre. The ogre barely misses you.
You barely miss the ogre. The ogre hits you with a +0 giant club!
You hit the ogre but do no damage. The ogre barely misses you.
You closely miss the ogre. The ogre hits you with a +0 giant club!
The ogre hits you with a +0 giant club!!
Ouch! That really hurt!
You die...

.#. #.### ....
..... #..##...
.... .......
... .!..##..#
#..#...#### #
#..#.......
#.##(.#.......
#....@O.......
#....<........
#.##.##...#..#
#..... .......
#..... ...#..#
.......
.?....#
.#.#...
.......
...#...
...#..# .#
#... o..#..#


You could see an ogre.

Vanquished Creatures
  2 adders (D:3)
  A dart slug (D:1)
  6 ball pythons
  4 bats
  An endoplasm (D:1)
  2 giant cockroaches (D:1)
  3 goblins
  7 hobgoblins
  7 jackals
  2 quokkas (D:1)
  A frilled lizard (D:1)
  3 kobolds (D:1)
  3 rats (D:1)
42 creatures vanquished.

Vanquished Creatures (others)
  6 toadstools (D:2)
6 creatures vanquished.

Grand Total: 48 creatures vanquished

Notes
Turn   | Place    | Note
-------+----------+-------------------------------------------
     0 | D:1      | parzival7114810 the Hill Orc Fighter began the quest for
                  | the Orb.
     0 | D:1      | Reached XP level 1. HP: 19/19 MP: 1/1
   147 | D:1      | Reached XP level 2. HP: 25/27 MP: 2/2
   659 | D:1      | Reached XP level 3. HP: 32/33 MP: 3/3
  2613 | D:3      | Found a faded altar of an unknown god.
  2680 | D:3      | Reached XP level 4. HP: 40/40 MP: 4/4
  2924 | D:4      | Became a worshipper of Beogh the Brigand
  2930 | D:4      | Noticed an ogre
  2937 | D:4      | Slain by an ogre

Illustrated notes

Levels and vault maps discovered:
D:1:      dpeg_arrival_line_fractal, layout_loops_ring,
          kennysheep_decorative_pillar
D:2:      cheibrodos_fertilizer, layout_loops_cross, minmay_misc_feat_tower,
          feat_on_display
D:3:      layout_loops_cross, dreamdust_ecumenical_altar_angels_and_demons,
          serial_bayou_pond_e
D:4:      wad_lake_hut, layout_basic, kennysheep_ying_yang,
          minmay_temple_entry_proselytizer, small_statue_alley_b,
          small_statue_intersection

Skill      XL: |  1  2  3 |
---------------+----------+-----
Fighting       | 4 |  4.3
Axes           | 3 |  3.3
Armour         | 4 |  4.1
Dodging        | |  0.2
Stealth        | |  0.1
Shields        | |  3.7

Action                   |  1- 3 |  4- 6 || total
-------------------------+-------+-------++-------
Melee: War axe           |    90 |    17 ||   107
Invok: Convert to Beogh  |       |     1 ||     1
  Use: Scroll            |     3 |       ||     3
       Potion            |     3 |       ||     3
Armor: Scale mail        |    72 |     8 ||    80
Dodge: Dodged            |    80 |    11 ||    91
Block: Buckler           |    30 |     3 ||    33

Table legend: (Time is in decaauts)
 A = Elapsed time spent in this place.
 B = Non-inter-level travel time spent in this place.
 C = Inter-level travel time spent in this place.
 D = Time resting spent in this place.
 E = Time spent auto-exploring this place.
 F = Levels seen in this place.
 G = Mean time per level.
                   A        B        C        D        E       F      G
               +--------+--------+--------+--------+--------+-----+--------+
         Total |   2978 |   2896 |     82 |    972 |   1398 |   4 |  744.5 |
       Dungeon |   2978 |   2896 |     82 |    972 |   1398 |   4 |  744.5 |
               +--------+--------+--------+--------+--------+-----+--------+

Top non-repeatable levels by time:
     D:1: 1501 daAuts
     D:3: 739 daAuts
     D:2: 722 daAuts
     D:4: 14 daAuts
